 Dungeon Crawl Stone Soup version 0.27-a0-972-gd1521fd518 (webtiles) character file.

Game seed: 16569650703559303059

72 polve the Cutter (level 4, -3/35 HPs)
             Began as a Demonspawn Abyssal Knight on Apr 13, 2021.
             Was a Follower of Lugonu.
             Slain by an adder (5 damage)
             ... on level 2 of the Dungeon.
             The game lasted 00:01:29 (2176 turns).

polve the Cutter (Demonspawn Abyssal Knight)        Turns: 2176, Time: 00:01:29

Health: -3/35      AC:  3    Str: 14    XL:     4   Next: 7%
Magic:  5/5        EV: 11    Int: 13    God:    Lugonu [*.....]
Gold:   90         SH:  0    Dex: 12    Spells: 3/3 levels left

rFire    . . .     SeeInvis .   a - +1 short sword
rCold    . . .     Faith    .   (no shield)
rNeg     . . .     Spirit   .   b - +0 leather armour
rPois    .         Reflect  .   (no helmet)
rElec    .         Harm     .   (no cloak)
rCorr    .         Rampage  .   (no gloves)
Will     .....                  (no boots)
Stlth    +.........             (no amulet)
HPRegen  0.11/turn              (no ring)
MPRegen  0.09/turn              (no ring)

@: no status effects
A: claws 1, powered by pain 1
a: Renounce Religion, Depart the Abyss


You were on level 2 of the Dungeon.
You worshipped Lugonu.
Lugonu was aware of your devotion.
You visited 1 branch of the dungeon, and saw 2 of its levels.
You visited the Abyss 1 time.

You collected 90 gold pieces.

Inventory:

Hand Weapons
 a - a +1 short sword (weapon)
Armour
 b - a +0 leather armour (worn)
Jewellery
 e - a ring of see invisible
Scrolls
 d - 2 scrolls of identify {unknown}
 f - a scroll of summoning {unknown}
 g - a scroll of silence {unknown}


   Skills:
 - Level 3.0 Fighting
 + Level 4.0 Short Blades
 - Level 1.7 Armour
 - Level 0.8 Dodging
 - Level 2.4 Invocations


You had 3 spell levels left.
You didn't know any spells.
Your spell library contained the following spells:

 Spells                   Type           Power      Damage    Failure   Level
 Magic Dart               Conj           0%         1d3       36%         1
 Blink                    Tloc           N/A        N/A       50%         2
 Call Imp                 Summ           0%         N/A       50%         2
 Slow                     Hex            0%         N/A       50%         2
 Conjure Flame            Conj/Fire      0%         6-21      75%         3
 Mephitic Cloud           Conj/Pois/Air  0%         N/A       75%         3


Dungeon Overview and Level Annotations

Branches:
Dungeon (2/15)

Altars:


Innate Abilities, Weirdness & Mutations

You have sharp fingernails.
You sometimes gain a little power by taking damage.


Message History

The adder bites you.
You are poisoned.
The adder poisons you!
You closely miss the adder.
You feel sick. The adder bites you.
You are more poisoned.
The adder poisons you!
You barely miss the adder.
You feel sick. The adder bites you.
You hit the adder.
The adder is heavily wounded.
You feel sick. The adder bites you. The adder barely misses you.
You miss the adder.
The adder is heavily wounded.
You feel sick. The adder misses you.
You completely miss the adder.
The adder is heavily wounded.
You feel sick. The adder barely misses you.
You hit the adder.
The adder is severely wounded.
The adder bites you but does no damage.
You hit the adder.
You kill the adder!
Lugonu accepts your kill.
You feel sick. The adder misses you.
Your Short Blades skill increases to level 4!
You have reached level 4!
You feel stronger.
You barely miss the adder.
You feel sick. The adder barely misses you.
You hit the adder but do no damage.
You feel sick. The adder bites you but does no damage.
You closely miss the adder.
You feel sick.
You are no longer poisoned.
The adder closely misses you.
You barely miss the adder. The adder bites you.
* * * LOW HITPOINT WARNING * * *
You barely miss the adder. The adder bites you.
* * * LOW HITPOINT WARNING * * *
You hit the adder.
The adder is moderately wounded.
The adder bites you.
You die...

#.####.#.##.#.#..#########
#........##...#..#........
######.#####.##..#.#######
#.............######.
######...............
####### #...#...........
#.....# ######.########.
#.....########.#
#....wS@..†.)..# ###
#.....###.###### ....
#.....# #.######## .....
##..### #.........
......##..# ##########
#.....# ......##.## .....
#.# ..>. ...


You could see an adder and a dart slug.

Vanquished Creatures
  2 adders (D:2)
  A white imp (Abyss:1)
  A dart slug (D:1)
  4 orcs (D:2)
  3 ball pythons
  A bat (D:2)
  2 endoplasms (D:1)
  2 giant cockroaches (D:1)
  2 goblins
  4 hobgoblins
  7 jackals (D:2)
  2 kobolds (D:1)
  A quokka (D:1)
  A frilled lizard (D:1)
  3 rats (D:1)
36 creatures vanquished.

Notes
Turn   | Place    | Note
-------+----------+-------------------------------------------
     0 | Abyss:1  | polve the Demonspawn Abyssal Knight began the quest for the
                  | Orb.
     0 | Abyss:1  | Reached XP level 1. HP: 18/18 MP: 2/2
    38 | Abyss:1  | Noticed a harpy zombie
    40 | Abyss:1  | Reached skill level 2 in Short Blades
    40 | D:1      | Escaped the Abyss
   241 | D:1      | Gained mutation: You have sharp fingernails. [demonic
                  | ancestry]
   241 | D:1      | Reached XP level 2. HP: 3/24 MP: 3/3
   241 | D:1      | HP: 1/24 [kobold/+0 dagger (2)]
   746 | D:1      | Found a faded altar of an unknown god.
   841 | D:1      | Reached * piety under Lugonu
   842 | D:1      | Reached skill level 3 in Short Blades
  1390 | D:2      | Gained mutation: You sometimes gain a little power by
                  | taking damage. [demonic ancestry]
  1390 | D:2      | Reached XP level 3. HP: 29/29 MP: 4/4
  2171 | D:2      | Reached skill level 4 in Short Blades
  2171 | D:2      | Reached XP level 4. HP: 7/35 MP: 5/5
  2176 | D:2      | Slain by an adder

Illustrated notes

Levels and vault maps discovered:
D:1:      dpeg_arrival_concentric_ovals, layout_basic,
          hellmonk_ecumenical_altar_heavens_door, minmay_misc_feat_five
D:2:      layout_loops_ring, minmay_misc_feat_rugged, minmay_liquid_box

Skill      XL: |  1  2  3 |
---------------+----------+-----
Short Blades   | 2 3 4 |  4.0
Fighting       | |  3.0
Armour         | |  1.7
Dodging        | |  0.8
Invocations    | |  2.4

Action                   |  1- 3 |  4- 6 || total
-------------------------+-------+-------++-------
Melee: Short sword       |   145 |     6 ||   151
Invok: Depart the Abyss  |     1 |       ||     1
  Use: Potion            |     1 |       ||     1
Armor: Leather armour    |    28 |     1 ||    29
Dodge: Dodged            |    76 |     2 ||    78

Table legend: (Time is in decaauts)
 A = Elapsed time spent in this place.
 B = Non-inter-level travel time spent in this place.
 C = Inter-level travel time spent in this place.
 D = Time resting spent in this place.
 E = Time spent auto-exploring this place.
 F = Levels seen in this place.
 G = Mean time per level.
                   A        B        C        D        E       F      G
               +--------+--------+--------+--------+--------+-----+--------+
         Total |   2163 |   2153 |     10 |      0 |   1862 |   3 |  721.0 |
       Dungeon |   2122 |   2112 |     10 |      0 |   1828 |   2 | 1061.0 |
         Abyss |     40 |     40 |      0 |      0 |     34 |   1 |   40.0 |
               +--------+--------+--------+--------+--------+-----+--------+

Top non-repeatable levels by time:
     D:1: 1336 daAuts
     D:2: 786 daAuts
 Abyss:1: 40 daAuts
